 Dungeon Crawl Stone Soup version 0.30-a0-782-ge64f9170bb (webtiles) character file.

Game seed: 15809038375952974956

814 Barriton the Gusty (level 7, -14/52 HPs)
             Began as a Yellow Draconian Air Elementalist on Feb 28, 2023.
             Demolished by a rakshasa
             ... wielding a +0 trident
              (21 damage)
             ... on level 1 of the Abyss.
             The game lasted 00:09:25 (4961 turns).

Barriton the Gusty (DrAE)                           Turns: 4961, Time: 00:09:26

Health: -14/52     AC:  6    Str: 11    XL:     7   Next: 62%
Magic:  0/13       EV: 13    Int: 17    God:
Gold:   123        SH:  5    Dex: 17    Spells: 11/14 levels left

rFire   . . .      SeeInvis .    l - staff of cold
rCold   + . .      Faith    .    (no shield)
rNeg    . . .      Spirit   .    (body armour unavailable)
rPois   +          Reflect  +    (helmet restricted)
rElec   .          Harm     .    (no cloak)
rCorr   +          Rampage  .    (no gloves)
Will    .....                    (no boots)
Stlth   ++                       d - amulet of reflection
HPRegen 0.28/turn                f - +6 ring of dexterity
MPRegen 0.13/turn                m - ring of poison resistance

@: mighty, on berserk cooldown
A: spit acid, AC +6, unfitting armour, cold-blooded, acid resistance
a: Breathe Acid


You were on level 1 of the Abyss.
You visited 1 branch of the dungeon, and saw 4 of its levels.
You visited the Abyss 1 time.
You also visited: Sewer.

You collected 123 gold pieces.

Inventory:

Magical Staves
 l - a staff of cold (weapon)
Jewellery
 d - an amulet of reflection (around neck)
 f - a +6 ring of dexterity (left hand)
 m - a ring of poison resistance (right hand)
Wands
 i - a wand of roots (7)
Scrolls
 a - a scroll of amnesia
 e - a scroll of enchant armour
 g - a scroll of silence
 h - a scroll of magic mapping {unknown}
 q - a scroll of brand weapon
Potions
 b - 3 potions of resistance {unknown}
 c - 4 potions of curing
 k - 2 potions of might
 n - 2 potions of haste {unknown}
 o - a potion of invisibility {unknown}
 p - a potion of lignification {unknown}


   Skills:
 + Level 1.1 Fighting
 + Level 1.2 Staves
 + Level 3.3 Dodging
 + Level 2.4 Stealth
 + Level 1.2 Shields
 + Level 0.1 Unarmed Combat
 + Level 4.2 Spellcasting
 + Level 4.2 Conjurations
 + Level 5.0 Air Magic


You had 11 spell levels left.
You knew the following spells:

 Your Spells              Type           Power      Damage    Failure   Level
a - Shock                 Conj/Air       76%        1d7       2%          1
b - Static Discharge      Conj/Air       38%        2-4/arc   3%          2

Your spell library contained the following spells:

 Spells                   Type           Power      Damage    Failure   Level
 Swiftness                Air            20%        N/A       6%          3
 Slow                     Hex            12%        N/A       16%         1
 Airstrike                Air            10%        2d(2-18)  19%         4
 Confusing Touch          Hex            3%         N/A       43%         3
 Tukima's Dance           Hex            3%         N/A       43%         3
 Vampiric Draining        Necr           3%         2d6       43%         3
 Passage of Golubria      Tloc           3%         N/A       83%         4
 Yara's Violent Unravell  Hex/Tmut       1%         3d3       99%         5


Dungeon Overview and Level Annotations

Branches:
Dungeon (4/15)              Sewer (visited)
 Temple: D:4-7

Altars:
Hepliaklqana
Makhleb
Xom

Shops:
D:1 :

Annotations:
D:3 2 transporters, Leeroy's ghost, amateur MfGl


Innate Abilities, Weirdness & Mutations

You can spit globs of acid.
Your golden yellow scales are hard. (AC +6)
You cannot fit into any form of body armour.
You are cold-blooded and may be slowed by cold attacks.
You are resistant to acid. (rCorr)


Message History

You fail to use your ability.
Casting: Shock (safe; 2% risk of failure)
Confirm with . or Enter, or press ? or * to list all spells.
You don't know that spell.
The rakshasa hits you with a +0 trident!
Casting: Shock (safe; 2% risk of failure)
Confirm with . or Enter, or press ? or * to list all spells.
The rakshasa is struck by an arc of lightning.
The rakshasa is lightly wounded.
You are struck by an arc of lightning.
The lightning grounds out.
You block the rakshasa's attack.
Casting: Static Discharge (safe; 3% risk of failure)
Confirm with . or Enter, or press ? or * to list all spells.
The rakshasa is struck by an arc of lightning.
The rakshasa is lightly wounded.
You are struck by an arc of lightning.
The lightning grounds out.
The rakshasa misses you.
Casting: Static Discharge (safe; 3% risk of failure)
Confirm with . or Enter, or press ? or * to list all spells.
The rakshasa is struck by an arc of lightning.
The rakshasa is lightly wounded.
You are struck by an arc of lightning.
The lightning grounds out.
You block the rakshasa's attack.
Casting: Static Discharge (safe; 3% risk of failure)
Confirm with . or Enter, or press ? or * to list all spells.
The rakshasa is struck by an arc of lightning.
The rakshasa is moderately wounded.
You are struck by an arc of lightning.
The rakshasa is struck by an arc of lightning.
The rakshasa is moderately wounded.
The lightning grounds out.
The rakshasa hits you with a +0 trident!
* * * LOW HITPOINT WARNING * * *
You feel very mighty all of a sudden. The rakshasa misses you.
Okay, then.
You hit the rakshasa but do no damage.
The rakshasa is moderately wounded.
The rakshasa hits you with a +0 trident!!
You die...

...##...#..## .
..#............##
............#..
#..............
............# #.
###..........#.
.................#
####............
..........@R...#
#..##...........#
# #.............
#............#
#...........#.
.'.....#.......
..##..........##
.. ##....##.##.


You could see a rakshasa.

Vanquished Creatures
  Sigmund (D:3)
  Eustachio (D:4)
  A black bear (D:4)
  2 crimson imps (D:4)
  A hound (D:4)
  An orc priest (D:3)
  An orc wizard (D:4)
  4 gnolls (D:3)
  2 river rats
  10 adders
  3 worms (Sewer)
  3 dart slugs
  10 orcs
  6 endoplasms
  2 giant cockroaches
  6 goblins
  3 hobgoblins
  4 jackals (D:2)
  3 quokkas
  7 ball pythons
  3 bats
  3 frilled lizards (D:1)
  9 kobolds
  14 rats
100 creatures vanquished.

Notes
Turn   | Place    | Note
-------+----------+-------------------------------------------
     0 | D:1      | Barriton the Draconian Air Elementalist began the quest for
                  | the Orb.
     0 | D:1      | Reached XP level 1. HP: 14/14 MP: 3/3
   240 | D:1      | Found a faded altar of an unknown god.
   372 | D:1      | Found Awet's Book Emporium.
   416 | D:1      | Reached XP level 2. HP: 20/20 MP: 1/5
  1305 | D:2      | Reached XP level 3. HP: 10/26 MP: 0/6
  1416 | D:2      | Found a burning altar of Makhleb.
  1992 | D:3      | Reached XP level 4. HP: 28/33 MP: 1/8
  2567 | D:3      | Noticed Sigmund
  2640 | D:4      | Noticed Eustachio
  2653 | D:3      | Found a glowing drain.
  2657 | Sewer    | Entered a sewer
  2661 | Sewer    | Learned a level 2 spell: Static Discharge
  2667 | Sewer    | Reached XP level 5. HP: 21/38 MP: 7/9
  2964 | Sewer    | Reached skill level 4 in Air Magic
  3485 | D:3      | Found a transporter.
  3670 | D:3      | Identified the +3 leather armour "Boulio" {+Inv rElec rN+++
                  | Will-}
  3722 | D:3      | Noticed Leeroy's ghost (amateur MfGl)
  3723 | D:3      | Noticed an ogre
  3724 | D:3      | Noticed an ogre
  3724 | D:3      | Noticed an ogre
  3728 | D:3      | Found a transporter.
  3862 | D:3      | Found a hazy altar of Hepliaklqana.
  3981 | D:3      | Killed Sigmund
  3982 | D:3      | Reached XP level 6. HP: 42/46 MP: 0/11
  4162 | D:4      | Killed Eustachio
  4163 | D:4      | Reached skill level 1 in Fighting
  4163 | D:4      | Your scales start taking on a golden yellow colour.
  4163 | D:4      | Reached XP level 7. HP: 20/52 MP: 6/12
  4163 | D:4      | Gained mutation: You are resistant to acid. (rCorr) [Yellow
                  | Draconian growth]
  4295 | D:4      | Reached skill level 1 in Staves
  4589 | D:4      | Reached skill level 1 in Shields
  4589 | D:4      | Reached skill level 5 in Air Magic
  4876 | D:4      | Found a shimmering altar of Xom.
  4942 | Abyss:1  | Cast into level 1 of the Abyss (crimson imp)
  4952 | Abyss:1  | Noticed a rakshasa
  4961 | Abyss:1  | Demolished by a rakshasa

Illustrated notes

Levels and vault maps discovered:
D:1:      dpeg_arrival_pits, layout_loops_corners,
          shapermc_ecumenical_altar_venn, serial_shops,
          nicolae_shop_hallway_stairs, minmay_tripent
D:2:      layout_rooms, basic_altar
D:3:      layout_basic, nzn_hepliaklqana_mist_gate, gup_sewer_entry_bowl,
          gammafunk_ghost_smash, uniq_sigmund
D:4:      layout_rooms, led_xom_imps, nicolae_sif_muna_little_library,
          uniq_eustachio
Abyss:1:  base:
D:1

Skill      XL: |  1  2  3  4  5  6  7 |
---------------+----------------------+-----
Dodging        | 2 3 |  3.3
Stealth        | 2 |  2.4
Conjurations   | 2 3 4 |  4.2
Spellcasting   | 3 4 |  4.2
Air Magic      | 4 5 |  5.0
Fighting       | 1 |  1.1
Staves         | 1 |  1.2
Shields        | 1 |  1.2
Unarmed Combat | |  0.1

Action                     |  1- 3 |  4- 6 |  7- 9 || total
---------------------------+-------+-------+-------++-------
  Melee: Unarmed           |    49 |       |       ||    49
         Tailslap          |     9 |     5 |     4 ||    18
         Staff             |       |    36 |    31 ||    67
         Punch             |       |     1 |       ||     1
   Cast: Shock             |    64 |    95 |    49 ||   208
         Static Discharge  |       |     9 |    10 ||    19
    Use: Scroll            |     9 |     4 |       ||    13
         Potion            |       |     3 |     1 ||     4
 Armour: Skin              |    16 |    33 |    17 ||    66
  Dodge: Dodged            |    38 |    66 |    27 ||   131
  Block: Other             |     9 |    27 |    11 ||    47

Table legend: (Time is in decaauts)
 A = Elapsed time spent in this place.
 B = Non-inter-level travel time spent in this place.
 C = Inter-level travel time spent in this place.
 D = Time resting spent in this place.
 E = Time spent auto-exploring this place.
 F = Levels seen in this place.
 G = Mean time per level.
                   A        B        C        D        E       F      G
               +--------+--------+--------+--------+--------+-----+--------+
         Total |   5049 |   4904 |    145 |      0 |   4080 |   6 |  841.5 |
       Dungeon |   4193 |   4048 |    145 |      0 |   3454 |   4 | 1048.2 |
         Abyss |     23 |     23 |      0 |      0 |     13 |   1 |   23.0 |
         Sewer |    832 |    832 |      0 |      0 |    612 |   1 |  832.0 |
               +--------+--------+--------+--------+--------+-----+--------+

Top non-repeatable levels by time:
     D:3: 1409 daAuts
     D:1: 1150 daAuts
   Sewer: 832 daAuts
     D:2: 823 daAuts
     D:4: 809 daAuts
 Abyss:1: 23 daAuts
